 Dungeon Crawl Stone Soup version 0.19.0-9-gfd783f2 (webtiles) character file.

128027 Alarkh the Spear-Bearer (level 16, -13/127 HPs)
             Began as a Mummy Necromancer on Nov 6, 2016.
             Was the Champion of Okawaru.
             Mangled by a salamander
             ... wielding a +3 vampiric halberd
              (14 damage)
             ... on level 1 of the Snake Pit on Nov 7, 2016.
             The game lasted 01:43:32 (36445 turns).

Alarkh the Spear-Bearer (Mummy Necromancer)        Turns: 36445, Time: 01:43:32

Health: -13/127    AC: 24    Str: 13    XL:     16   Next: 47%
Magic:  23/25      EV: 16    Int: 19    God:    Okawaru [******]
Gold:   1662       SH:  8    Dex: 16    Spells: 9 memorised, 0 levels left

rFire  . . .     SeeInvis .     b - +1 trident (venom)
rCold  + . .     Gourm    .     i - +4 troll leather armour
rNeg   + + +     Faith    +     I - +3 warlock's mirror {reflect}
rPois  ∞         Spirit   .     J - +2 hat {MR+}
rElec  .         Reflect  +     K - +2 cloak
rCorr  .         Harm     .     m - +1 pair of gloves {Dex+3}
MR     +++..                    p - +0 pair of boots
Stlth  ++........               o - amulet of faith
                                O - +5 ring of protection
                                f - ring of protection from fire

@: very slightly contaminated, constricted
A: no food or potions, fire vulnerability, cold resistance 1, negative energy
resistance 3, torment resistance, unbreathing, in touch with death 1
a: Heroism, Finesse, Renounce Religion


You were on level 1 of the Snake Pit.
You worshipped Okawaru.
Okawaru was exalted by your worship.
You were not hungry.

You visited 5 branches of the dungeon, and saw 27 of its levels.
You also visited: Bailey and Ice Cave.

You collected 3150 gold pieces.
You spent 1488 gold pieces at shops.

Inventory:

Hand Weapons
 a - a +5 halberd of freezing
 b - a +1 trident of venom (weapon)
Armour
 i - a +4 troll leather armour (worn)
 m - a +1 pair of gloves of dexterity (worn)
 p - a +0 pair of boots (worn)
 I - the +3 warlock's mirror (worn) {reflect}
   (You bought it in a shop on level 2 of the Orcish Mines)
 J - a +2 hat of magic resistance (worn)
 K - a +2 cloak (worn)
Jewellery
 f - a ring of protection from fire (left hand)
 g - an uncursed ring of flight
 h - an uncursed ring of fire
 o - an amulet of faith (around neck)
 O - a +5 ring of protection (right hand)
 S - the ring of Yendor {+Blink +Fly rN++ Slay-6 SInv}
   (You found it on level 6 of the Lair of Beasts)

   [ring of see invisible]

   It affects your accuracy and damage with ranged weapons and melee attacks
   (-6).
   It greatly protects you from negative energy.
   It lets you see invisible.
   It lets you fly.
   It lets you blink.
Wands
 j - a wand of digging (5/24)
 q - a wand of iceblast (4/15)
 u - a wand of disintegration (14/24)
 B - a wand of teleportation (8/9)
 D - a wand of digging (17/24)
 F - a wand of heal wounds (1/9)
 L - a wand of paralysis (11/24)
Scrolls
 c - 5 scrolls of fog
 e - 7 scrolls of identify
 k - a scroll of teleportation
 l - 13 scrolls of remove curse
 n - 7 scrolls of magic mapping
 r - 3 scrolls of recharging
 s - 4 scrolls of fear
 v - a scroll of amnesia
 w - a scroll of brand weapon
 y - a scroll of blinking
Books
 x - Roxanne's Handbook of Transmutation
   (You took it off Roxanne on level 1 of the Snake Pit)

   Spells                             Type                      Level
   a - Beastly Appendage              Transmutation                1
   b - Spider Form                    Transmutation/Poison         3
   c - Ice Form                       Ice/Transmutation            4
   d - Alistair's Intoxication        Transmutation/Poison         5
   e - Statue Form                    Transmutation/Earth          6
Miscellaneous
 d - a phial of floods
 t - a lamp of fire


   Skills:
 + Level 11.9 Fighting
 * Level 13.9 Polearms
 + Level 10.0 Armour
 + Level 10.3 Dodging
 - Level 1.5 Stealth
 - Level 5.0 Shields
 - Level 6.5 Spellcasting
 - Level 7.6 Conjurations
 + Level 9.1 Necromancy


You couldn't memorise any spells.
You knew the following spells:

 Your Spells              Type           Power        Failure   Level  Hunger
a - Vampiric Draining     Necr           ######....   1%          3    N/A
b - Blink                 Tloc           N/A          21%         2    N/A
c - Mephitic Cloud        Conj/Pois/Air  ###.....     14%         3    N/A
d - Repel Missiles        Chrm/Air       #.....       21%         2    N/A
e - Dispel Undead         Necr           ######..     10%         5    N/A
f - Pain                  Necr           ####         1%          1    N/A
g - Control Undead        Necr           ######....   3%          4    N/A
h - Bolt of Draining      Conj/Necr      ######....   12%         5    N/A
r - Conjure Flame         Conj/Fire      ###.....     12%         3    N/A

Dungeon Overview and Level Annotations

Branches:
Dungeon (15/15)            Temple (1/1) D:6            Lair (6/6) D:10
 Shoals (0/4) Lair:2        Snake (3/4) Lair:2        Slime (0/5) Lair:6
    Orc (2/2) D:11            Elf (0/3) Orc:2        Vaults (0/5) D:13
 Depths (0/5) D:15

Altars:
Ashenzari
Cheibriados
Dithmenos
Elyvilon
Fedhas
Gozag
Hepliaklqana
Kikubaaqudgha
Makhleb
Nemelex Xobeh
Okawaru
Qazlal
Ru
Sif Muna
Trog
Uskayaw
Vehumet
Xom
Yredelemnul
Zin
The Shining One
Beogh
Jiyva

Shops:
D:4 :%   D:8 :   D:14 *   Orc:1 }   Orc:2 ([*=


Innate Abilities, Weirdness & Mutations

You do not eat or drink.
Your flesh is vulnerable to fire.
You are immune to poison.
Your flesh is cold resistant. (rC+)
You are immune to negative energy. (rN+++)
You are immune to unholy pain and torment.
You can survive without breathing.
You are in touch with the powers of death.


Message History

You block the black mamba's attack. The anaconda bites you.
The anaconda constricts you.
The salamander mystic hits you but does no damage.
The black mamba closely misses you.
The salamander hits you from afar with a vampiric halberd!
You are engulfed in flames!
Casting: Vampiric Draining
Confirm with . or Enter, or press ? or * to list all spells.
You miscast Blink.
You are very lightly contaminated with residual magic.
Nothing appears to happen.
The anaconda misses you. The anaconda constricts you.
The black mamba barely misses you.
The salamander mystic hits you with a dagger!
* * * LOW HITPOINT WARNING * * *
You are engulfed in flames!
* * * LOW HITPOINT WARNING * * *
The salamander hits you from afar with a vampiric halberd!
* * * LOW HITPOINT WARNING * * *
You are engulfed in flames!
You die...

###..#.## #.# #....#.# #.#
#.##...####### #.#
#.###...##...####.# #.#
##..).....##..#
..###..###.....#.##
.....)###....#†[.##
......[......###(.#
#..###.......# #@S## #..#
#####...###SN.# #..###
##.....N..########### .....#
###..#.#.....#.....##
.###.###
##.................## .#
#...#####N.#......).........#
##
###.......##................#
##...#####................#
##..#..####...[............#


You could see a naga warrior, a salamander mystic, a salamander, an anaconda and
a black mamba.

Vanquished Creatures
  Gastronok (D:8)
  Roxanne (Snake:1)
  A nagaraja (Snake:2)
  2 orc warlords (Orc:2)
  Louise (D:15)
  A very ugly thing (D:13)
  Snorg (D:10)
  A yaktaur captain (D:15)
  The ghost of Monsterracer the Cleaver, a journeyman MiMo of Uskayaw (D:11)
  3 naga warriors
  Fannar (D:10)
  5 vault guards (D:13)
  5 hydras
  3 centaur warriors
  2 anacondas
  2 catoblepae
  An ogre mage (D:15)
  Urug (Orc:2)
  2 tengu warriors (D:15)
  2 shock serpents
  2 naga sharpshooters (Snake:3)
  An orc high priest (Orc:2)
  Nergalle (D:10)
  3 deep elf knights
  A fire crab (Lair:6)
  4 unseen horrors
  A deep troll (D:15)
  A naga ritualist (Snake:1)
  4 wizards (D:13)
  5 orc knights
  14 hill giants
  The ghost of p0werm0de the Summoner, a novice TeSu of Dithmenos (D:7)
  4 mana vipers
  2 oklob plants
  A deep elf mage (D:15)
  6 orc sorcerers
  2 salamanders (Snake:1)
  13 ugly things
  6 cyclopes
  12 elephants
  2 ice statues (IceCv)
  A centaur zombie (D:13)
  Joseph (D:8)
  2 sirens (Lair:2)
  14 black mambas
  4 naga magi (Snake:1)
  A gargoyle (D:14)
  8 spiny frogs
  9 komodo dragons
  A centaur skeleton (D:14)
  3 kobold demonologists (D:13)
  A tengu conjurer (D:15)
  An efreet (D:15)
  5 rime drakes
  5 trolls
  2 merfolk (Lair:2)
  6 polar bears
  3 hornets
  A two-headed ogre (D:14)
  23 slime creatures
  A raiju (shapeshifter) (D:15)
  9 dream sheep
  A hippogriff (shapeshifter) (D:14)
  12 hippogriffs
  17 blink frogs
  Sigmund (D:5)
  16 spriggans
  2 vampires
  A redback (Lair:6)
  42 yaks
  4 wyverns
  A human (D:13)
  2 hungry ghosts
  19 vampire mosquitoes
  A steam dragon (D:10)
  2 soldier ants
  2 wargs (Orc:2)
  6 nagas
  A water moccasin (shapeshifter) (D:14)
  14 water moccasins
  10 porcupines
  6 black bears
  2 sky beasts
  26 orc warriors
  A hornet zombie (D:15)
  A necrophage (D:6)
  An eye of draining (D:15)
  A phantom (D:4)
  9 ice beasts
  11 boggarts
  14 ogres
  29 wolves
  17 centaurs
  9 crocodiles
  5 big kobolds
  Blork the orc (D:5)
  A wyvern zombie (D:13)
  20 bullfrogs
  5 scorpions
  13 killer bees
  17 wights
  4 howler monkeys
  3 electric eels
  9 crimson imps
  2 bullfrog zombies (D:10)
  14 hounds
  16 orc priests
  5 jellies
  20 orc wizards
  A bullfrog skeleton (D:10)
  Jessica (D:2)
  7 iguanas
  9 worker ants
  2 hound zombies
  A hound skeleton (D:5)
  A worker ant zombie (D:8)
  9 adders
  8 gnolls
  2 shadow imps
  12 white imps (D:12)
  An ooze (D:4)
  2 adder skeletons
  2 adder zombies
  A worm (D:3)
  2 dart slugs
  8 leopard geckos
  61 orcs
  2 ball pythons
  8 bats
  4 giant cockroaches
  6 hobgoblins
  4 jackals
  9 quokkas
  4 frilled lizards
  14 goblins
  42 kobolds
  7 rats
  A spectral orc (D:8)
  5 fungi
  4 plants
880 creatures vanquished.

Vanquished Creatures (collateral kills)
  Sonja (D:12)
  A centaur skeleton (D:12)
  4 dream sheep (Lair:4)
  2 vampire mosquitoes (D:12)
  An ogre (D:12)
  3 wights (D:10)
  2 orcs (D:12)
14 creatures vanquished.

Vanquished Creatures (others)
  3 ugly things (D:14)
  An orc (Orc:2)
  A bush (Lair:3)
  27 fungi
  44 plants
76 creatures vanquished.

Grand Total: 970 creatures vanquished

Notes
Turn   | Place    | Note
-------+----------+-------------------------------------------
     0 | D:1      | Alarkh the Mummy Necromancer began the quest for the Orb.
     0 | D:1      | Reached XP level 1. HP: 13/13 MP: 3/3
   246 | D:1      | Reached XP level 2. HP: 19/19 MP: 0/5
   798 | D:2      | Reached XP level 3. HP: 24/24 MP: 6/6
   803 | D:2      | Learned a level 3 spell: Vampiric Draining
   975 | D:2      | Noticed Jessica
  1010 | D:2      | Killed Jessica
  1010 | D:2      | Reached skill level 5 in Necromancy
  1010 | D:2      | Reached XP level 4. HP: 19/30 MP: 0/8
  1730 | D:3      | Found a white marble altar of Elyvilon.
  1849 | D:3      | Found a glowing golden altar of the Shining One.
  1849 | D:3      | Found a hide-covered altar of Uskayaw.
  2048 | D:3      | Found a stormy altar of Qazlal.
  2058 | D:3      | Reached XP level 5. HP: 35/35 MP: 7/10
  2140 | D:3      | Found a blossoming altar of Fedhas.
  2573 | D:4      | Found Noreock's Book Shop.
  2642 | D:4      | Noticed a phantom
  2650 | D:4      | Killed a phantom
  2650 | D:4      | Reached XP level 6. HP: 27/41 MP: 12/12
  2656 | D:4      | Learned a level 4 spell: Control Undead
  2716 | D:4      | Found Oxuet's Food Emporium.
  3037 | D:5      | Entered Level 5 of the Dungeon
  3038 | D:5      | Noticed Blork the orc
  3309 | D:5      | Noticed Sigmund
  3487 | D:5      | Killed Sigmund
  3487 | D:5      | Reached skill level 5 in Spellcasting
  3487 | D:5      | Reached XP level 7. HP: 29/46 MP: 4/14
  3632 | D:5      | Found a sparkling altar of Nemelex Xobeh.
  3635 | D:5      | Noticed a hungry ghost
  3672 | D:5      | Killed a hungry ghost
  3789 | D:5      | Found a bloodstained altar of Trog.
  4084 | D:5      | Killed Blork the orc
  4084 | D:5      | Reached XP level 8. HP: 18/52 MP: 7/17
  4419 | D:5      | Found a deep blue altar of Sif Muna.
  4772 | D:6      | Reached skill level 1 in Fighting
  4772 | D:6      | Reached skill level 1 in Armour
  4870 | D:6      | Found a shattered altar of Ashenzari.
  4873 | D:6      | Found a staircase to the Ecumenical Temple.
  4923 | Temple   | Entered the Ecumenical Temple
  5085 | Temple   | Became a worshipper of Warmaster Okawaru
  5263 | D:6      | Reached skill level 1 in Polearms
  5418 | D:6      | Reached skill level 2 in Polearms
  5608 | D:7      | Reached * piety under Okawaru
  5633 | D:7      | Found an ancient bone altar of Kikubaaqudgha.
  5745 | D:7      | Noticed p0werm0de's ghost (novice TeSu)
  5824 | D:7      | Killed p0werm0de's ghost
  5824 | D:7      | Reached XP level 9. HP: 35/64 MP: 18/18
  5994 | D:7      | Reached skill level 3 in Polearms
  6158 | D:7      | Reached ** piety under Okawaru
  6574 | D:8      | Noticed Joseph
  6599 | D:8      | Killed Joseph
  6599 | D:8      | Reached skill level 4 in Polearms
  6939 | D:8      | Found Qamig's Book Shoppe.
  6939 | D:8      | Noticed Gastronok
  7085 | D:9      | Found a hazy altar of Hepliaklqana.
  7554 | D:9      | Reached *** piety under Okawaru
  7580 | D:9      | Reached skill level 5 in Polearms
  7883 | D:9      | Reached XP level 10. HP: 41/73 MP: 5/19
  8655 | D:10     | Entered Level 10 of the Dungeon
  8659 | D:9      | Reached skill level 5 in Fighting
  9010 | D:10     | Noticed a hill giant
  9325 | D:10     | Reached **** piety under Okawaru
  9412 | D:10     | Reached skill level 5 in Dodging
  9540 | D:10     | Noticed Nergalle
  9540 | D:10     | Noticed Snorg
  9555 | D:10     | Noticed a hill giant
  9614 | D:9      | Learned a level 2 spell: Blink
  9665 | D:9      | Learned a level 2 spell: Repel Missiles
  9669 | D:9      | Learned a level 3 spell: Conjure Flame
  9673 | D:9      | Learned a level 3 spell: Mephitic Cloud
  9882 | D:10     | Reached skill level 6 in Polearms
 10292 | D:10     | Killed a hill giant
 10292 | D:10     | Reached ***** piety under Okawaru
 10292 | D:10     | Reached skill level 5 in Armour
 10292 | D:10     | Reached skill level 1 in Conjurations
 10581 | D:10     | Killed Snorg
 10887 | D:10     | Noticed Fannar
 10905 | D:10     | Killed Fannar
 10905 | D:10     | Received a gift from Okawaru
 10905 | D:10     | Reached XP level 11. HP: 42/81 MP: 2/20
 11255 | D:10     | Killed Nergalle
 11255 | D:10     | Reached skill level 7 in Polearms
 11411 | D:10     | Noticed a hill giant
 11423 | D:10     | Killed a hill giant
 11696 | D:10     | Received a gift from Okawaru
 11758 | D:10     | Found a staircase to the Lair.
 12260 | D:8      | Found a basalt altar of Yredelemnul.
 12496 | D:8      | Killed Gastronok
 12945 | D:11     | Found a staircase to the Orcish Mines.
 13011 | D:11     | Reached skill level 8 in Polearms
 13173 | D:11     | Noticed a red ugly thing
 13232 | D:11     | Noticed Monsterracer's ghost (journeyman MiMo)
 13561 | D:11     | Killed a cyan ugly thing
 14125 | D:11     | Killed Monsterracer's ghost
 14125 | D:11     | Received a gift from Okawaru
 14125 | D:11     | Reached ****** piety under Okawaru
 14309 | Lair:1   | Entered Level 1 of the Lair of Beasts
 14483 | Lair:1   | Received a gift from Okawaru
 14484 | Lair:1   | Got a jewelled shield {god gift}
 14490 | Lair:1   | Identified the +2 shield "Gishramp" {*Drain Str+5} (Okawaru gifted it to you on level 1 of the Lair of Beasts)
 14722 | Lair:1   | Reached XP level 12. HP: 65/91 MP: 5/21
 15003 | Lair:1   | Noticed a six-headed hydra
 15060 | Lair:1   | Killed a six-headed hydra
 15444 | Lair:2   | Noticed an eight-headed hydra
 15562 | Lair:2   | Found a deep blue altar of Sif Muna.
 16142 | Lair:2   | Killed an eight-headed hydra
 16142 | Lair:2   | Reached skill level 9 in Polearms
 16181 | Lair:2   | Found a staircase to the Shoals.
 16792 | Lair:2   | Found a staircase to the Snake Pit.
 17228 | Lair:2   | Upgraded the game from 0.19.0-2-gae57169 to 0.19.0-9-gfd783f2
 17851 | Lair:2   | Received a gift from Okawaru
 17851 | Lair:2   | Reached skill level 5 in Conjurations
 18762 | Lair:3   | Reached skill level 10 in Polearms
 18762 | Lair:3   | Gained mutation: You are in touch with the powers of death. [Mummy growth]
 18762 | Lair:3   | Reached XP level 13. HP: 64/99 MP: 1/22
 18773 | Lair:3   | Received a gift from Okawaru
 18776 | Lair:3   | Got a distressingly furry cloak {god gift}
 18787 | Lair:3   | Identified the -3 cloak of Fortitude {rPois rF- rC+} (Okawaru gifted it to you on level 3 of the Lair of Beasts)
 19277 | Lair:3   | Reached skill level 1 in Shields
 20316 | Lair:4   | Found a shimmering altar of Xom.
 20983 | Lair:5   | Found a blossoming altar of Fedhas.
 21258 | Lair:5   | Received a gift from Okawaru
 21437 | Lair:6   | Entered Level 6 of the Lair of Beasts
 22184 | Lair:6   | Reached skill level 11 in Polearms
 22605 | Lair:6   | Received a gift from Okawaru
 22606 | Lair:6   | Got a translucent ring mail {god gift}
 22630 | Lair:6   | Identified the +0 ring mail of Impressiveness {-Cast +Fly Str+2} (Okawaru gifted it to you on level 6 of the Lair of Beasts)
 22771 | Lair:6   | Reached XP level 14. HP: 57/108 MP: 8/23
 22965 | Lair:6   | Got a crude golden ring
 22969 | Lair:6   | Identified the ring of Yendor {+Blink +Fly rN++ Slay-6 SInv} (You found it on level 6 of the Lair of Beasts)
 23395 | Lair:6   | Found a staircase to the Slime Pits.
 23434 | Lair:6   | Found a viscous altar of Jiyva.
 24304 | D:12     | Found a flagged portal.
 24313 | Bailey   | Entered a bailey
 24760 | D:12     | Found a frozen archway.
 24782 | IceCv    | Entered an ice cave
 25532 | D:12     | Received a gift from Okawaru
 25627 | D:12     | Noticed Sonja
 25674 | D:12     | Killed Sonja
 26178 | D:11     | Reached skill level 10 in Fighting
 27053 | D:13     | Received a gift from Okawaru
 27156 | D:13     | Found a gate to the Vaults.
 27413 | D:13     | Got a crude glaive {chop}
 27419 | D:13     | Identified the +6 glaive of the Empty Page {chop, Str+4 Int+2} (You took it off a wight on level 13 of the Dungeon)
 27448 | D:13     | Reached skill level 12 in Polearms
 28149 | D:13     | Received a gift from Okawaru
 28149 | D:13     | Reached XP level 15. HP: 43/117 MP: 0/24
 28158 | D:13     | Got an ancient spear {god gift}
 28160 | D:13     | Identified the +10 spear of Impermanence {chaos, MR+ Str+4} (Okawaru gifted it to you on level 13 of the Dungeon)
 28207 | D:13     | Reached skill level 5 in Shields
 28727 | D:13     | Learned a level 5 spell: Dispel Undead
 28890 | Orc:1    | Entered Level 1 of the Orcish Mines
 28908 | Orc:1    | Found Wuing's Quality Used Wands.
 29150 | D:11     | Received a gift from Okawaru
 29500 | Orc:2    | Entered Level 2 of the Orcish Mines
 29501 | Orc:2    | Found a staircase to the Elven Halls.
 29606 | Orc:2    | Noticed Urug
 29633 | Orc:2    | Killed Urug
 29637 | Orc:2    | Noticed an orc warlord
 29709 | Orc:2    | Killed an orc warlord
 30181 | Orc:2    | Noticed an orc warlord
 30248 | Orc:2    | Killed an orc warlord
 30336 | Orc:2    | Found a roughly hewn altar of Beogh.
 30339 | Orc:2    | Received a gift from Okawaru
 30525 | Orc:2    | Found Firaecs's Antique Armour Shoppe.
 30532 | Orc:2    | Found Hoerofab's General Store.
 30721 | Orc:2    | Found Muqic's Antique Weapon Shoppe.
 30879 | Orc:2    | Found Ivuufeudax's Jewellery Shoppe.
 30916 | Orc:2    | Bought a scroll of teleportation for 36 gold pieces
 30967 | Orc:2    | Bought the +3 warlock's mirror {reflect} for 655 gold pieces
 31191 | Orc:2    | Bought a +5 ring of protection for 770 gold pieces
 31805 | D:14     | Found Kutwuekk's Assorted Antiques.
 31809 | D:14     | Bought a scroll labeled RESA ROSONEWAE for 27 gold pieces
 31951 | D:13     | Reached skill level 13 in Polearms
 32627 | D:15     | Entered Level 15 of the Dungeon
 32706 | D:15     | Found a staircase to the Depths.
 32935 | D:15     | Found Omuamery's Armour Boutique.
 32969 | D:15     | Received a gift from Okawaru
 33237 | D:15     | Paralysed by a floating eye for 3 turns
 33243 | D:15     | Paralysed by a floating eye for 2 turns
 33254 | D:15     | Paralysed by a floating eye for 3 turns
 33262 | D:15     | Paralysed by a floating eye for 4 turns
 33458 | D:15     | Received a gift from Okawaru
 33637 | D:15     | Reached XP level 16. HP: 126/126 MP: 25/25
 33654 | D:15     | Noticed Louise
 33671 | D:15     | Killed Louise
 33854 | D:15     | Reached skill level 10 in Dodging
 34223 | Snake:1  | Entered Level 1 of the Snake Pit
 34503 | Snake:1  | Noticed Roxanne
 35174 | Snake:1  | Killed Roxanne
 35175 | Snake:1  | Identified Roxanne's Handbook of Transmutation (You took it off Roxanne on level 1 of the Snake Pit)
 35757 | Snake:2  | Found a burning altar of Makhleb.
 36121 | Lair:1   | Learned a level 5 spell: Bolt of Draining
 36300 | Snake:1  | Reached skill level 10 in Armour
 36445 | Snake:1  | HP: 1/127 [salamander/vampiric halberd (14)]
 36445 | Snake:1  | Mangled by a salamander

Skill      XL: |  1  2  3  4  5  6  7  8  9 10 11 12 13 14 15 16 |
---------------+-------------------------------------------------+-----
Spellcasting   | 3 4 5 6 |  6.5
Necromancy     | 5 6 7 8 9 |  9.1
Dodging        | 3 4 5 6 7 8 9 10 | 10.3
Fighting       | 3 4 6 7 8 9 10 11 | 11.9
Armour         | 2 4 5 6 7 8 9 10 | 10.0
Polearms       | 2 5 6 8 10 11 12 13 | 13.9
Conjurations   | 2 4 5 6 7 |  7.6
Shields        | 3 4 5 |  5.0
Stealth        | |  1.5

Action                   |  1- 3 |  4- 6 |  7- 9 | 10-12 | 13-15 | 16-18 || total
-------------------------+-------+-------+-------+-------+-------+-------++-------
Melee: Unarmed           |    20 |       |       |       |       |       ||    20
       Dagger            |    27 |    27 |   232 |   661 |   585 |       ||  1532
       Punch             |       |       |     1 |       |       |       ||     1
       Scythe            |       |       |       |    52 |       |       ||    52
       Trident           |       |       |       |    25 |     3 |   547 ||   575
       Spear             |       |       |       |       |  1082 |       ||  1082
       Glaive            |       |       |       |       |   279 |       ||   279
       Halberd           |       |       |       |       |   686 |    76 ||   762
 Cast: Pain              |    48 |   109 |   101 |   192 |     7 |       ||   457
       Vampiric Draining |       |     2 |    31 |   127 |   374 |    30 ||   564
       Control Undead    |       |       |     1 |     1 |     3 |       ||     5
       Conjure Flame     |       |       |       |    59 |    42 |       ||   101
       Blink             |       |       |       |    12 |    11 |     6 ||    29
       Mephitic Cloud    |       |       |       |    15 |    19 |       ||    34
       Repel Missiles    |       |       |       |     1 |    11 |     9 ||    21
       Dispel Undead     |       |       |       |       |     3 |       ||     3
Invok: Heroism           |       |       |     3 |     2 |    12 |     4 ||    21
       Finesse           |       |       |       |       |       |     2 ||     2
 Abil: Evoke Flight      |       |       |       |       |     7 |       ||     7
       Stop Flying       |       |       |       |       |     1 |       ||     1
Evoke: Wand              |       |       |     4 |     3 |    20 |     1 ||    28
       Lamp of fire      |       |       |       |       |     1 |       ||     1
  Use: Scroll            |     1 |       |    10 |    10 |    23 |     5 ||    49
 Stab: Sleeping          |     1 |     1 |     3 |     1 |     3 |     2 ||    11
       Distracted        |       |       |     1 |       |     4 |     1 ||     6
       Confused          |       |       |       |     4 |     7 |       ||    11
Armor: Robe              |     7 |     4 |    83 |   236 |   413 |       ||   743
       Troll leather arm |       |       |       |       |   491 |   140 ||   631
Dodge: Dodged            |    40 |    37 |   207 |   626 |  1780 |   308 ||  2998
       Deflected         |       |       |       |     4 |    51 |    14 ||    69
Block: Buckler           |       |       |       |       |   170 |   149 ||   319
       Reflection        |       |       |       |       |       |    18 ||    18
